 Dungeon Crawl Stone Soup version 0.22-a0-570-g58866f5 (webtiles) character file.

4 Delateral the Vexing (level 1, 0/7 HPs)
             Began as a Felid Enchanter on June 30, 2018.
             Slain by a jackal (2 damage)
             ... on level 1 of the Dungeon.
             The game lasted 00:00:49 (543 turns).

Delateral the Vexing (Felid Enchanter)               Turns: 543, Time: 00:00:50

Health: 0/7        AC:  1    Str:  4    XL:     1   Next: 58%
Magic:  4/4        EV: 18    Int: 16    God:
Gold:   0          SH:  0    Dex: 16    Spells: 3/4 levels left
                                        Lives:  0   Deaths: 0

rFire    . . .     SeeInvis +     - Unarmed
rCold    . . .     Gourm    .   (shield unavailable)
rNeg     . . .     Faith    .   (armour unavailable)
rPois    .         Spirit   .   (helmet unavailable)
rElec    .         Reflect  .   (cloak unavailable)
rCorr    .         Harm     .   (gloves unavailable)
MR       .....                  (boots unavailable)
Stlth    +++.......             (no amulet)
HPRegen  0.02/turn              (no ring)
MPRegen  0.09/turn              (no ring)

@: quick
A: very small, no armour, no weapons or thrown items, stealth, claws 1, fangs 3,
see invisible, carnivore, speed 1, shaggy fur 1, slow metabolism 1, sharp paws
a: no special abilities


You were on level 1 of the Dungeon.
You were full.

You visited 1 branch of the dungeon, and saw 1 of its levels.

Inventory:

Scrolls
 c - a scroll of identify {unknown}
Potions
 a - a potion of brilliance {unknown}
Comestibles
 b - 2 rations


   Skills:
 + Level 2.8 Dodging
 + Level 4.1 Stealth
 + Level 1.2 Unarmed Combat
 - Level 2.0 Spellcasting
 + Level 4.5 Hexes


You had 3 spell levels left.
You knew the following spells:

 Your Spells              Type           Power        Failure   Level  Hunger
a - Corona                Hex            ###....      3%          1    #......

Your spell library contained the following spells:

 Spells                   Type           Power        Failure   Level  Hunger
 Confuse                  Hex            ###.....     10%         3    ###....
 Tukima's Dance           Hex            ###.....     10%         3    ###....
 Ensorcelled Hibernation  Hex/Ice        #.....       12%         2    ###....
 Dazzling Spray           Conj/Hex       #.....       24%         3    ###....


Dungeon Overview and Level Annotations

Branches:
Dungeon (1/15)

Altars:


Innate Abilities, Weirdness & Mutations

You cannot wear armour.
You are incapable of wielding weapons or throwing items.
Your paws allow you to move quietly. (Stealth)
You have sharp claws.
You have razor-sharp teeth.
You have supernaturally acute eyesight. (SInv)
You are carnivorous and can eat meat at any time.
You cover ground quickly.
You are covered in fur. (AC +1)
You have a slow metabolism.
Your sharp claws are effective at attacking unaware monsters.


Message History

The jackal is severely wounded.
The jackal completely misses you.
You scratch the jackal but do no damage.
The jackal is severely wounded.
The jackal misses you. The jackal bites you.
You closely miss the jackal. You bite the jackal.
The jackal is almost dead.
The jackal misses you.
You scratch the jackal but do no damage.
The jackal is almost dead.
The jackal misses you.
You barely miss the jackal. You bite the jackal, but do no damage.
The jackal is almost dead.
The jackal bites you.
* * * LOW HITPOINT WARNING * * *
The jackal misses you.
You scratch the jackal but do no damage.
The jackal is almost dead.
The jackal bites you.
You die...

##########
...#.....#
#.#
##...###.#
#.# ###.#
#.# #.# #.#
#.# #.# #.#
#.# #h# #.#
#.# #h# #.#
#.# #h#
####.# #.#
#@# .....#
#.#######.#
######
#....)....#
###########


You could see 3 jackals.

Vanquished Creatures
  A hobgoblin (D:1)
  2 goblins (D:1)
  A kobold (D:1)
  A rat (D:1)
5 creatures vanquished.

Notes
Turn   | Place    | Note
-------+----------+-------------------------------------------
     0 | D:1      | Delateral the Felid Enchanter began the quest for the Orb.
     0 | D:1      | Reached XP level 1. HP: 7/7 MP: 4/4
   543 | D:1      | Slain by a jackal

Vault maps used:
D:1:      dpeg_arrival_pond

Action                   || total
-------------------------++-------
Melee: Unarmed           ||    21
       Bite              ||     3
 Cast: Corona            ||     5
 Stab: Sleeping          ||     1
  Eat: Chunk             ||     3
Armor: Skin              ||     1
Dodge: Dodged            ||    11

Table legend:
 A = Spawn XP
 B = Non-spawn XP
 C = Spawn XP percentage of total XP
 D = Spawn monster count
 E = Non-spawn monster count
 F = Spawn count percentage of total count
 G = Total turns spent on level
                    A         B        C        D         E        F      G
               +---------+---------+-------+---------+---------+-------+---------
         Total |       0 |       7 |   0.0 |       0 |       5 |   0.0 |   543
               +---------+---------+-------+---------+---------+-------+---------
           D:1 |       0 |       7 |   0.0 |       0 |       5 |   0.0 |   543
               +---------+---------+-------+---------+---------+-------+---------
